[Event "Titled Tuesday Blitz May 2 Early 2023"]
[White "Kuchava, Ana"]
[Black "Castillo Pena, Patricia Evarista"]
[WhiteFideId "13605348"]
[BlackFideId "6412106"]
[WhiteElo "2001"]
[BlackElo "1919"]
[Result "0-1"]
[Round "05"]
[TimeControl "180+2"]
[Date "2023.05.02"]
[WhiteClock "0:00:17"]
[BlackClock "0:01:39"]

1. d4 d5 2. Nf3 Nf6 3. c4 c6 4. Qb3 e6 5. Bg5 Nbd7 6. e3 Be7 7. Nc3 O-O 8. Bd3 Re8 9. O-O h6 10. Bh4 b6 11. cxd5 exd5 12. Rac1 Bb7 13. Ne5 c5 14. Bb5 a6 15. Bxf6 axb5 16. Bxe7 Qxe7 17. Nxb5 Nxe5 18. dxe5 Qxe5 19. a4 Rac8 20. Qc3 d4 21. exd4 cxd4 22. Qxd4 Qg5 23. f3 Rxc1 24. Qd3 Rxf1+ 25. Qxf1 Qe3+ 26. Kh1 Qe1 27. Kg1 Qxf1+ 28. Kxf1 Ba6 29. Kf2 Bxb5 30. axb5 Re5 0-1


[Site "https://www.chess.com"]

[Event "Titled Tuesday Blitz May 2 Early 2023"]
[White "Vargas, Mauricio"]
[Black "Ramadoss, Ashokkumar"]
[WhiteFideId "4404572"]
[BlackFideId "5040990"]
[WhiteElo "1998"]
[BlackElo "2110"]
[Result "0-1"]
[Round "05"]
[TimeControl "180+2"]
[Date "2023.05.02"]
[WhiteClock "0:00:05"]
[BlackClock "0:00:37"]

1. e4 e6 2. f4 d5 3. e5 c5 4. Nf3 Nc6 5. Bb5 Ne7 6. Bxc6+ Nxc6 7. O-O Be7 8. Nc3 O-O 9. d3 a6 10. a3 b5 11. Ne2 a5 12. c3 Ba6 13. b4 axb4 14. axb4 cxb4 15. cxb4 Nxb4 16. Qb3 Nc6 17. Rxa6 Rxa6 18. Qxb5 Qb6+ 19. Qxb6 Rxb6 20. Be3 Rb3 21. Rd1 Nb4 22. Nc1 Rb1 23. Nd2 Ra1 24. Bd4 Raa8 25. Nf3 Rfc8 26. Ne2 Ra2 27. Ng3 Rcc2 28. Ne1 Rd2 29. Rb1 h6 30. Bc3 Nxd3 31. Bxd2 Rxd2 32. Nf3 Ra2 33. f5 Bc5+ 34. Kh1 Nf2+ 35. Kg1 Ne4+ 36. Kh1 Nxg3+ 37. hxg3 exf5 38. Kh2 d4 39. Rb5 Ba7 40. Rd5 Ra4 41. Rd8+ Kh7 42. Ra8 d3 43. Kh3 g5 0-1


[Site "https://www.chess.com"]

[Event "Titled Tuesday Blitz May 2 Early 2023"]
[White "Fedoseev, Vladimir"]
[Black "Bortnyk, Olexandr"]
[WhiteFideId "24130737"]
[BlackFideId "14120828"]
[WhiteElo "2752"]
[BlackElo "2734"]
[Result "1-0"]
[Round "06"]
[TimeControl "180+2"]
[Date "2023.05.02"]
[WhiteClock "0:00:09"]
[BlackClock "0:00:03"]

1. e4 Nf6 2. e5 Nd5 3. d4 d6 4. c4 Nb6 5. f4 dxe5 6. fxe5 Bf5 7. Nc3 e6 8. Nf3 Bb4 9. Bd3 c5 10. a3 cxd4 11. Bxf5 dxc3 12. Qxd8+ Kxd8 13. axb4 cxb2 14. Bxb2 exf5 15. c5 Nc4 16. Bc3 Ke7 17. Ke2 Rd8 18. b5 f4 19. Ra4 Ne3 20. c6 bxc6 21. b6 a6 22. Bb4+ Ke8 23. Bd6 Nd5 24. Ra3 Rd7 25. Rb1 Rb7 26. Nd4 Rxb6 27. Rxb6 Nxb6 28. Nf5 g6 29. Ng7+ Kd7 30. Rb3 Nd5 31. Bxb8 a5 32. Bd6 Ra7 33. Rb8 c5 34. Bxc5 Rc7 35. Bd6 Rc2+ 36. Kf3 a4 37. Rb7+ Kc6 38. Rxf7 a3 39. Ra7 a2 40. Ne6 Rc3+ 41. Ke4 Rc1 42. Nd4+ Kb6 43. Ra3 Nc3+ 44. Kd3 a1=Q 45. Rxa1 Rxa1 46. Kxc3 Re1 47. e6 g5 48. e7 g4 49. Kd2 Re4 50. Kd3 Re3+ 51. Kd2 Re4 52. Nf5 f3 53. gxf3 gxf3 54. Bg3 Kc6 55. Kd3 1-0


[Site "https://www.chess.com"]

[Event "Titled Tuesday Blitz May 2 Early 2023"]
[White "Le, Tuan Minh"]
[Black "Firouzja, Alireza"]
[WhiteFideId "12401153"]
[BlackFideId "12573981"]
[WhiteElo "2566"]
[BlackElo "2904"]
[Result "1/2-1/2"]
[Round "06"]
[TimeControl "180+2"]
[Date "2023.05.02"]
[WhiteClock "0:00:04"]
[BlackClock "0:00:05"]

1. d4 Nf6 2. Nf3 d5 3. Bf4 c5 4. c3 e6 5. e3 Nc6 6. Nbd2 cxd4 7. exd4 Nh5 8. Be5 f6 9. Bg3 g6 10. Be2 Nxg3 11. hxg3 Bd6 12. O-O O-O 13. c4 Kg7 14. a3 Bd7 15. Re1 Be8 16. cxd5 exd5 17. Qb3 Bc7 18. Bb5 Bb6 19. Re2 Rc8 20. Rae1 Bf7 21. Bxc6 Rxc6 22. Nb1 Re8 23. Rxe8 Bxe8 24. Nc3 Bf7 25. Na4 Qc7 26. Qd3 Rc4 27. Nxb6 Qxb6 28. b3 Rc7 29. Qe3 Qc6 30. g4 h6 31. Qf4 Qc3 32. Re3 Qc1+ 33. Kh2 Rc2 34. Kg3 Qxa3 35. Nh4 Qf8 36. Kh2 Qd8 37. Qg3 Qc7 38. f4 a5 39. Nf3 b5 40. g5 hxg5 41. fxg5 Qxg3+ 42. Kxg3 Rc7 43. Kf4 a4 44. bxa4 bxa4 45. Ra3 Be8 46. g4 Bb5 47. gxf6+ Kxf6 48. Ne5 g5+ 49. Kg3 Rc1 50. Rf3+ Ke7 51. Rf7+ Ke6 52. Rb7 a3 53. Ra7 Rc3+ 54. Kf2 Bc4 55. Nxc4 dxc4 56. Ra5 Rd3 57. Ke2 Kd6 58. Rxg5 Rxd4 59. Ra5 Rd3 60. g5 Ke6 61. Ra6+ Kf7 62. g6+ Kg7 63. Ra4 Rh3 64. Kd2 Kxg6 65. Kc2 Rb3 66. Rxc4 Rb2+ 67. Kc3 Rh2 68. Ra4 a2 69. Kb3 Rg2 70. Rxa2 Rxa2 71. Kxa2 1/2-1/2


[Site "https://www.chess.com"]

[Event "Titled Tuesday Blitz May 2 Early 2023"]
[White "Livaic, Leon"]
[Black "Duda, Jan-Krzysztof"]
[WhiteFideId "14531534"]
[BlackFideId "1170546"]
[WhiteElo "2509"]
[BlackElo "2790"]
[Result "0-1"]
[Round "06"]
[TimeControl "180+2"]
[Date "2023.05.02"]
[WhiteClock "0:00:15"]
[BlackClock "0:00:34"]

1. d4 Nf6 2. c4 g6 3. Nc3 d5 4. Nf3 Bg7 5. cxd5 Nxd5 6. e4 Nxc3 7. bxc3 c5 8. h3 Nc6 9. Be3 Qa5 10. Qd2 cxd4 11. cxd4 Qxd2+ 12. Kxd2 O-O 13. Bb5 f5 14. exf5 Bxf5 15. Bxc6 bxc6 16. Rhc1 Be4 17. Ne1 e5 18. f3 exd4 19. Bg5 Bd5 20. Nd3 Rab8 21. Rab1 h6 22. Bf4 Rxb1 23. Rxb1 Bxa2 24. Rb7 Bc4 25. Bd6 Re8 26. Rxa7 Re3 27. Nf4 g5 28. Nh5 Re2+ 29. Kd1 Bh8 30. g4 d3 31. Rb7 Bc3 32. Bg3 Rd2+ 33. Kc1 Rg2 34. Rb8+ Kf7 35. Rb7+ Ke6 36. Ng7+ Bxg7 37. Rxg7 d2+ 38. Kd1 Bb3# 0-1


[Site "https://www.chess.com"]

[Event "Titled Tuesday Blitz May 2 Early 2023"]
[White "Nakamura, Hikaru"]
[Black "Lenderman, Aleksandr"]
[WhiteFideId "2016192"]
[BlackFideId "2021285"]
[WhiteElo "2885"]
[BlackElo "2607"]
[Result "1-0"]
[Round "06"]
[TimeControl "180+2"]
[Date "2023.05.02"]
[WhiteClock "0:01:12"]
[BlackClock "0:00:25"]

1. e4 c6 2. Nf3 d5 3. d3 dxe4 4. dxe4 Qxd1+ 5. Kxd1 Nf6 6. Nfd2 g5 7. f3 Rg8 8. a4 h5 9. c3 Nbd7 10. a5 Ne5 11. Nc4 Nxc4 12. Bxc4 g4 13. e5 Nd7 14. f4 Nc5 15. Be3 Be6 16. Bxe6 Nxe6 17. Nd2 g3 18. Ke2 Bh6 19. Kf3 gxh2 20. Rxh2 O-O-O 21. g3 Rd3 22. Nc4 Ng7 23. Ke4 Rgd8 24. g4 Ne6 25. g5 Bf8 26. Rxh5 Ng7 27. Rh8 R3d5 28. Bxa7 1-0


[Site "https://www.chess.com"]

[Event "Titled Tuesday Blitz May 2 Early 2023"]
[White "Caruana, Fabiano"]
[Black "Gupta, Abhijeet"]
[WhiteFideId "2020009"]
[BlackFideId "5010608"]
[WhiteElo "2837"]
[BlackElo "2528"]
[Result "0-1"]
[Round "06"]
[TimeControl "180+2"]
[Date "2023.05.02"]
[WhiteClock "0:00:17"]
[BlackClock "0:00:36"]

1. e4 c5 2. Nf3 d6 3. d4 cxd4 4. Nxd4 Nf6 5. Nc3 Nc6 6. Bg5 e6 7. Qd2 a6 8. O-O-O Bd7 9. Kb1 Nxd4 10. Qxd4 Be7 11. h4 Qc7 12. Bd3 b5 13. f3 h6 14. Bc1 h5 15. Bg5 Rb8 16. Ne2 a5 17. Qe3 b4 18. Rhg1 a4 19. g4 hxg4 20. fxg4 Rc8 21. Nd4 a3 22. Nb5 Qa5 23. Qe2 axb2 24. Bxf6 gxf6 25. h5 Ra8 26. Bc4 b3 27. Nxd6+ Bxd6 28. Bxb3 Be5 29. g5 Ba4 30. Qc4 Bxb3 31. Qxb3 Ke7 32. gxf6+ Bxf6 33. Qb7+ Kf8 34. Qb3 Rxh5 35. Rgf1 Rb5 36. Qc4 Rb4 0-1


[Site "https://www.chess.com"]

[Event "Titled Tuesday Blitz May 2 Early 2023"]
[White "Bluebaum, Matthias"]
[Black "Demchenko, Anton"]
[WhiteFideId "24651516"]
[BlackFideId "4160258"]
[WhiteElo "2638"]
[BlackElo "2545"]
[Result "1-0"]
[Round "06"]
[TimeControl "180+2"]
[Date "2023.05.02"]
[WhiteClock "0:01:15"]
[BlackClock "0:00:25"]

1. d4 Nf6 2. c4 d6 3. Nf3 Nc6 4. Nc3 e5 5. d5 Ne7 6. e4 Ng6 7. g3 Be7 8. h4 h6 9. Be2 Bd7 10. Be3 Ng4 11. Bd2 c6 12. h5 Qb6 13. c5 Qxc5 14. O-O Qb6 15. hxg6 fxg6 16. Nh4 Nxf2 17. Rxf2 Bxh4 18. gxh4 Rf8 19. Qe1 O-O-O 20. Nd1 Qd4 21. dxc6 Bxc6 22. Bg4+ Kb8 23. Qe3 Qc4 24. b3 Qg8 25. Bb4 Rxf2 26. Nxf2 d5 27. Rd1 d4 28. Qg3 Ka8 29. Qxe5 h5 30. Be6 Qe8 31. Rxd4 1-0


[Site "https://www.chess.com"]

[Event "Titled Tuesday Blitz May 2 Early 2023"]
[White "Andreikin, Dmitry"]
[Black "Madaminov, Mukhiddin"]
[WhiteFideId "4158814"]
[BlackFideId "14210703"]
[WhiteElo "2736"]
[BlackElo "2511"]
[Result "0-1"]
[Round "06"]
[TimeControl "180+2"]
[Date "2023.05.02"]
[WhiteClock "0:00:08"]
[BlackClock "0:00:28"]

1. d4 Nf6 2. c4 g6 3. Nc3 d5 4. cxd5 Nxd5 5. e4 Nxc3 6. bxc3 Bg7 7. Nf3 c5 8. Be2 Bg4 9. Rb1 cxd4 10. cxd4 O-O 11. Be3 Qa5+ 12. Qd2 Qxd2+ 13. Nxd2 Bxe2 14. Kxe2 f5 15. exf5 gxf5 16. Nf3 b6 17. Rhc1 Nd7 18. Bg5 h6 19. Bh4 Rfc8 20. Kd3 Kf7 21. Re1 e6 22. Re2 Rc6 23. Rc2 Rxc2 24. Kxc2 Rc8+ 25. Kd3 e5 26. dxe5 Nxe5+ 27. Nxe5+ Bxe5 28. Re1 Rc3+ 29. Kd2 Rc5 30. Kd3 Ra5 31. Re2 Ra3+ 32. Kc4 Ra4+ 33. Kb5 Rxh4 34. Rxe5 Kf6 35. Re2 Rxh2 36. Ka6 Rxg2 37. Kxa7 b5 38. Kb6 b4 39. Kc5 Rg4 40. f3 Rh4 41. Kd5 h5 42. Re6+ Kg5 43. Ke5 Rc4 44. Re8 Rc5+ 45. Kd4 Ra5 46. Ke3 Ra3+ 47. Kf2 Rxa2+ 48. Kg3 h4+ 49. Kh3 Rf2 50. Re3 Kf4 51. Re8 Rxf3+ 52. Kxh4 b3 53. Rb8 Ke4 54. Rb4+ Kd5 55. Kg5 Kc5 56. Rb8 Kc4 57. Kf6 Kc3 58. Ke5 b2 59. Rc8+ Kd2 60. Rb8 Kc2 61. Rc8+ Rc3 0-1


[Site "https://www.chess.com"]

[Event "Titled Tuesday Blitz May 2 Early 2023"]
[White "Sarana, Alexey"]
[Black "Ter-Sahakyan, Samvel"]
[WhiteFideId "24133795"]
[BlackFideId "13302531"]
[WhiteElo "2714"]
[BlackElo "2566"]
[Result "0-1"]
[Round "06"]
[TimeControl "180+2"]
[Date "2023.05.02"]
[WhiteClock "0:00:19"]
[BlackClock "0:01:06"]

1. d4 Nf6 2. c4 e6 3. Nc3 d5 4. cxd5 exd5 5. Bg5 c6 6. e3 h6 7. Bh4 Be7 8. Bd3 O-O 9. h3 Re8 10. Bg3 c5 11. dxc5 d4 12. exd4 Bxc5+ 13. Nge2 Bxd4 14. O-O Nc6 15. Nxd4 Nxd4 16. Nb5 Nxb5 17. Bxb5 Bd7 18. Bd3 Bc6 19. Bc4 Ne4 20. Bf4 Qf6 21. Be3 Rad8 22. Qg4 Nd2 23. Bxd2 Rxd2 24. b3 b5 25. Rac1 bxc4 26. Rxc4 Bb5 27. Rf4 Qg5 28. Rc1 Qxg4 29. hxg4 Rxa2 30. Rc7 f6 31. Kh2 a6 32. Rb7 Rae2 33. Rf5 R2e5 34. Rf3 Bc6 0-1


[Site "https://www.chess.com"]

[Event "Titled Tuesday Blitz May 2 Early 2023"]
[White "Lamaze, Simon"]
[Black "Deac, Bogdan-Daniel"]
[WhiteFideId "36069264"]
[BlackFideId "1226380"]
[WhiteElo "2272"]
[BlackElo "2649"]
[Result "1-0"]
[Round "06"]
[TimeControl "180+2"]
[Date "2023.05.02"]
[WhiteClock "0:01:06"]
[BlackClock "0:00:08"]

1. d4 f5 2. g3 Nf6 3. Bg2 g6 4. c4 Bg7 5. Nc3 O-O 6. Nh3 d6 7. d5 Nbd7 8. O-O Nb6 9. Qd3 Nfd7 10. b3 e5 11. dxe6 Nc5 12. Qc2 Bxe6 13. Bb2 c6 14. Rad1 Qe7 15. Rd2 Rad8 16. Rfd1 Bf7 17. Nf4 Rfe8 18. e3 a5 19. Nd3 Nbd7 20. Nxc5 Nxc5 21. Ne2 Bxb2 22. Qxb2 a4 23. h4 axb3 24. axb3 Ne4 25. Bxe4 fxe4 26. Nf4 h6 27. h5 g5 28. Ng6 Bxg6 29. hxg6 Qe6 30. Qa3 c5 31. b4 b6 32. bxc5 bxc5 33. Qa6 d5 34. Qxe6+ Rxe6 35. Rxd5 Rxd5 36. Rxd5 Rc6 37. g4 Kg7 38. Re5 Kxg6 39. Rxe4 Kf6 40. Kg2 Ra6 41. Kg3 Ra4 42. f4 gxf4+ 43. exf4 Ra3+ 44. Kh4 Ra1 45. Re5 Rh1+ 46. Kg3 Rg1+ 47. Kh3 Rf1 48. Rf5+ Kg6 49. Kg2 Rc1 50. Rxc5 Rc3 51. Rc6+ Kg7 52. f5 1-0


[Site "https://www.chess.com"]

[Event "Titled Tuesday Blitz May 2 Early 2023"]
[White "Yu, Yangyi"]
[Black "Rustemov, Alexander"]
[WhiteFideId "8603820"]
[BlackFideId "4119002"]
[WhiteElo "2783"]
[BlackElo "2525"]
[Result "1-0"]
[Round "06"]
[TimeControl "180+2"]
[Date "2023.05.02"]
[WhiteClock "0:00:04"]
[BlackClock "0:00:01"]

1. Nf3 Nf6 2. c4 c6 3. g3 d5 4. Bg2 dxc4 5. O-O Be6 6. Qc2 g6 7. Ng5 Qd7 8. Na3 Bg7 9. Nxe6 Qxe6 10. Re1 O-O 11. Nxc4 Nd5 12. d3 Nd7 13. Bd2 N7b6 14. Na5 Qd7 15. Rac1 Rfd8 16. b4 a6 17. a3 Rac8 18. h4 h5 19. Red1 e5 20. Nb3 Qe7 21. Nc5 Kh7 22. Qb3 Bh6 23. Bxh6 Kxh6 24. e3 Kg7 25. d4 exd4 26. Rxd4 Nf6 27. Rcd1 Rxd4 28. Rxd4 Rc7 29. Qb2 Nbd7 30. Ne4 c5 31. bxc5 Nxc5 32. Nd6 b5 33. Qb4 Ne6 34. Rd1 Rd7 35. Bc6 Rd8 36. Nf5+ gxf5 37. Qxe7 Rxd1+ 38. Kg2 Rd2 39. Be8 Nxe8 40. Qxe8 Rd6 41. Qe7 Rc6 42. Qb7 Rd6 43. Qf3 Kg6 44. Qa8 Kg7 45. Qb7 Kg6 46. e4 Ng7 47. Qe7 Rf6 48. f3 fxe4 49. Qxe4+ Kh6 50. g4 hxg4 51. fxg4 Ne6 52. Qe5 Kg6 53. h5+ Kg7 54. h6+ Kg6 55. h7 Kxh7 56. Qxf6 Kg8 57. g5 Nf8 58. Qxa6 Ng6 59. Qxb5 1-0


[Site "https://www.chess.com"]

[Event "Titled Tuesday Blitz May 2 Early 2023"]
[White "Beerdsen, Thomas"]
[Black "Martinez Alcantara, Jose Eduardo"]
[WhiteFideId "1030108"]
[BlackFideId "3805662"]
[WhiteElo "2547"]
[BlackElo "2711"]
[Result "1-0"]
[Round "06"]
[TimeControl "180+2"]
[Date "2023.05.02"]
[WhiteClock "0:02:20"]
[BlackClock "0:02:05"]

1. e4 c5 2. Nf3 d6 3. d4 cxd4 4. Nxd4 a6 5. Bc4 e6 6. g4 b5 7. Bb3 Bb7 8. Nc3 Nf6 9. Qe2 b4 10. Na4 h6 11. Be3 Nbd7 12. O-O-O Qc7 13. g5 hxg5 14. Bxg5 Nc5 15. Nxc5 dxc5 16. Ba4+ Ke7 17. Nf5+ 1-0


[Site "https://www.chess.com"]

[Event "Titled Tuesday Blitz May 2 Early 2023"]
[White "Remizov, Yaroslav"]
[Black "Vidit, Santosh Gujrathi"]
[WhiteFideId "34134015"]
[BlackFideId "5029465"]
[WhiteElo "2412"]
[BlackElo "2651"]
[Result "1/2-1/2"]
[Round "06"]
[TimeControl "180+2"]
[Date "2023.05.02"]
[WhiteClock "0:00:03"]
[BlackClock "0:00:05"]

1. e4 e6 2. d4 d5 3. Nc3 Nf6 4. Bg5 dxe4 5. Nxe4 Be7 6. Bxf6 gxf6 7. g3 f5 8. Nc3 Bf6 9. Nge2 Nc6 10. d5 exd5 11. Qxd5 Be6 12. Qxd8+ Rxd8 13. Bg2 Bc4 14. Rd1 O-O 15. b3 Ba6 16. Rxd8 Rxd8 17. Nd5 Bg7 18. c4 Rd7 19. O-O Ne5 20. Nef4 Kf8 21. Re1 b6 22. Ne3 Rd2 23. Nxf5 Bh8 24. a4 Bc8 25. Ne3 c6 26. h3 Rb2 27. Rd1 Ke7 28. Nd3 Nxd3 29. Rxd3 Bd7 30. h4 Be5 31. Be4 h6 32. Nf5+ Bxf5 33. Bxf5 Bd6 34. Be4 Bc5 35. Rf3 Ke6 36. Bxc6 f6 37. Bd5+ Ke5 38. Kg2 Bd4 39. g4 a5 40. Rf5+ Kd6 41. Be4 Ke7 42. Rf3 Bc5 43. Bd5 Bd4 44. Kg3 Be5+ 45. Kg2 Bd4 46. Rf4 Be5 47. Rf5 Bd4 48. Kg3 Rxb3+ 49. f3 Rb2 50. g5 hxg5 51. hxg5 fxg5 52. Rxg5 Bc5 53. Rg7+ Kf6 54. Rf7+ Ke5 55. f4+ Kd4 56. Rd7 Ke3 57. f5 Rb1 58. f6 Rg1+ 59. Bg2 Rc1 60. f7 Rxc4 61. Rd8 Rxa4 62. Re8+ Kd2 63. Rc8 Bd6+ 64. Kh3 Rf4 65. Rd8 Rxf7 66. Rxd6+ Kc3 67. Rxb6 a4 68. Ra6 Kb4 69. Bc6 a3 70. Ra4+ Kb3 71. Ra8 Rf5 72. Kg4 Rc5 73. Bd7 Kb2 74. Be6 Rb5 75. Kf4 Rb3 76. Bxb3 Kxb3 77. Ke3 a2 78. Kd2 Kb2 79. Rb8+ Ka1 80. Ra8 Kb2 81. Rb8+ Ka1 82. Rh8 Kb2 83. Rb8+ 1/2-1/2


[Site "https://www.chess.com"]

[Event "Titled Tuesday Blitz May 2 Early 2023"]
[White "Maghsoodloo, Parham"]
[Black "Kosakowski, Jakub"]
[WhiteFideId "12539929"]
[BlackFideId "1185080"]
[WhiteElo "2647"]
[BlackElo "2488"]
[Result "1-0"]
[Round "06"]
[TimeControl "180+2"]
[Date "2023.05.02"]
[WhiteClock "0:00:03"]
[BlackClock "0:00:02"]

1. e4 c6 2. d4 d5 3. f3 Qb6 4. Nc3 dxe4 5. Bc4 Nf6 6. fxe4 e5 7. dxe5 Ng4 8. Qe2 Bc5 9. Nf3 Nd7 10. Rf1 O-O 11. e6 Nde5 12. exf7+ Kh8 13. Bb3 Nxf3+ 14. gxf3 Ne3 15. Bxe3 Bxe3 16. f4 a5 17. Rd1 Bd4 18. Na4 Qa7 19. Nc3 Bh3 20. e5 a4 21. Nxa4 Bxf1 22. Kxf1 Rad8 23. Rd3 b5 24. Nc3 Qe7 25. Ne4 c5 26. Rh3 c4 27. Qh5 h6 28. Ng5 Rxf7 29. Nxf7+ Kg8 30. Nxd8 cxb3 31. axb3 Qxd8 32. Rd3 Qb6 33. Qe8+ Kh7 34. f5 Qc5 35. Qg6+ Kg8 36. Qd6 Qxc2 37. Qxd4 Qc1+ 38. Rd1 1-0


[Site "https://www.chess.com"]

[Event "Titled Tuesday Blitz May 2 Early 2023"]
[White "Pakleza, Zbigniew"]
[Black "Van Foreest, Jorden"]
[WhiteFideId "1119290"]
[BlackFideId "1039784"]
[WhiteElo "2410"]
[BlackElo "2633"]
[Result "0-1"]
[Round "06"]
[TimeControl "180+2"]
[Date "2023.05.02"]
[WhiteClock "0:00:01"]
[BlackClock "0:00:21"]

1. d4 Nf6 2. Nf3 d5 3. Bf4 Bf5 4. e3 e6 5. Bd3 Bxd3 6. cxd3 Bd6 7. Bg3 O-O 8. Nc3 c5 9. Qb3 b6 10. O-O Bxg3 11. hxg3 Nc6 12. dxc5 bxc5 13. Na4 c4 14. Qc3 Qa5 15. Qxa5 Nxa5 16. Ne5 Rab8 17. dxc4 dxc4 18. a3 Rb5 19. Nf3 Ne4 20. Rac1 e5 21. Rfd1 f6 22. Nd2 Nxd2 23. Rxd2 Nb3 24. Rcc2 Nxd2 25. Rxd2 Rfb8 26. g4 h6 27. g3 Kh7 28. f4 Rb3 29. Kf2 Kg6 30. Kf3 e4+ 31. Kf2 h5 32. gxh5+ Kxh5 33. Rc2 Kg4 34. Kg2 f5 35. Kf2 g6 36. Kg2 Rxe3 37. Nc3 Rf3 0-1


[Site "https://www.chess.com"]

[Event "Titled Tuesday Blitz May 2 Early 2023"]
[White "Kuzubov, Yuriy"]
[Black "Sieciechowicz, Marcin"]
[WhiteFideId "14112906"]
[BlackFideId "1130170"]
[WhiteElo "2496"]
[BlackElo "2302"]
[Result "0-1"]
[Round "06"]
[TimeControl "180+2"]
[Date "2023.05.02"]
[WhiteClock "0:00:01"]
[BlackClock "0:00:13"]

1. d4 d5 2. c4 c6 3. Nf3 Nf6 4. Nc3 e6 5. Bg5 dxc4 6. e4 b5 7. a4 b4 8. Nb1 h6 9. Bxf6 gxf6 10. Bxc4 Bb7 11. O-O Nd7 12. Nbd2 a5 13. Re1 Nb6 14. Bf1 Be7 15. Nb3 Rg8 16. g3 Nd7 17. Rc1 Qb6 18. Nfd2 Rg5 19. Nc4 Qc7 20. Bg2 Kf8 21. h4 Rg6 22. Qh5 c5 23. d5 exd5 24. exd5 Bd6 25. Rcd1 Ba6 26. Nbd2 Rd8 27. Be4 Rg7 28. Kh1 Bxg3 29. fxg3 Qxg3 30. Re3 Qg4 31. Qxg4 Rxg4 32. b3 Re8 33. Rde1 Rxh4+ 34. Kg2 Ne5 35. Bf5 Rh5 36. Nxe5 fxe5 37. Be4 f5 38. Rf3 Bc8 39. Ref1 Ke7 40. d6+ Kxd6 41. Nc4+ Kc7 42. Bb1 Bb7 43. Kf2 Bxf3 44. Kxf3 Rh3+ 45. Ke2 Rxb3 46. Bxf5 Rc3 47. Ne3 Ra3 48. Bd3 e4 49. Rf7+ Kb8 50. Ba6 Ra2+ 51. Ke1 Rg8 52. Re7 b3 53. Rb7+ Ka8 54. Rxb3 Rg3 55. Bb7+ Ka7 56. Bxe4 h5 57. Rc3 h4 58. Bd5 Rb2 59. Nd1 Rg1# 0-1


[Site "https://www.chess.com"]

[Event "Titled Tuesday Blitz May 2 Early 2023"]
[White "Daneshvar, Bardiya"]
[Black "Sokolovsky, Yahli"]
[WhiteFideId "12576468"]
[BlackFideId "2820242"]
[WhiteElo "2468"]
[BlackElo "2316"]
[Result "1/2-1/2"]
[Round "06"]
[TimeControl "180+2"]
[Date "2023.05.02"]
[WhiteClock "0:00:45"]
[BlackClock "0:00:08"]

1. e3 d5 2. Ne2 c6 3. Ng3 Nf6 4. Be2 e5 5. d3 Bd6 6. Nd2 g6 7. Nf3 h5 8. h3 h4 9. Nf1 Nbd7 10. Bd2 Qe7 11. Bc3 Nc5 12. b3 Bf5 13. Bb2 O-O-O 14. Qd2 Nfe4 15. dxe4 dxe4 16. N3h2 Nxb3 17. axb3 Bb4 18. c3 Rxd2 19. Nxd2 Bc5 20. O-O Rd8 21. Rfd1 Bb6 22. Nc4 Rxd1+ 23. Rxd1 Bc7 24. Ba3 c5 25. b4 b5 26. Na5 c4 27. Bc1 Be6 28. Rd2 Bxa5 29. bxa5 b4 30. cxb4 Qxb4 31. Nf1 c3 32. Rd1 c2 33. Rd2 Qb1 34. Ba3 c1=Q 35. Bxc1 Qxc1 36. a6 Qc3 37. Rd1 Bb3 38. Rd6 Kc7 39. Rd2 Bc4 40. Bd1 Bxf1 41. Rc2 Qxc2 42. Bxc2 Bd3 43. Bb3 f6 44. Bd5 Kb6 45. Bb7 f5 46. g3 hxg3 47. fxg3 Bxa6 48. Bd5 Bc8 49. Bf7 g5 50. h4 gxh4 51. gxh4 f4 52. h5 fxe3 53. Bg6 Be6 54. h6 Bg8 55. h7 Bxh7 56. Bxh7 Kc5 57. Kf1 Kd4 58. Ke2 a5 59. Bg8 a4 60. Bf7 a3 61. Bg8 Kc3 62. Kxe3 Kb2 63. Kxe4 a2 64. Bxa2 Kxa2 65. Kxe5 1/2-1/2


[Site "https://www.chess.com"]

[Event "Titled Tuesday Blitz May 2 Early 2023"]
[White "Chigaev, Maksim"]
[Black "Vakhlamov, Igor L."]
[WhiteFideId "4108116"]
[BlackFideId "24126748"]
[WhiteElo "2547"]
[BlackElo "2400"]
[Result "1-0"]
[Round "06"]
[TimeControl "180+2"]
[Date "2023.05.02"]
[WhiteClock "0:00:04"]
[BlackClock "0:00:02"]

1. d4 d5 2. Nf3 Nf6 3. c3 Bf5 4. Qb3 Qc8 5. c4 e6 6. Nc3 dxc4 7. Qxc4 Nc6 8. Bf4 Bd6 9. Bxd6 cxd6 10. e3 O-O 11. Be2 a6 12. O-O b5 13. Qb3 Qb7 14. d5 exd5 15. Nxd5 Ne4 16. Rac1 Rac8 17. Qd1 Be6 18. a3 Ne5 19. Rxc8 Rxc8 20. Nf4 Bc4 21. Nd4 g6 22. h3 a5 23. Kh2 b4 24. axb4 Qxb4 25. Bxc4 Rxc4 26. b3 Rc5 27. Nd3 Nxd3 28. Qxd3 Rc3 29. Qxe4 Kg7 30. Qf4 Qc5 31. Ra1 h5 32. h4 Qd5 33. Qg5 Qe4 34. Qf4 Qd5 35. Rd1 Qc5 36. f3 Qd5 37. e4 Qc5 38. Ne2 1-0


[Site "https://www.chess.com"]

[Event "Titled Tuesday Blitz May 2 Early 2023"]
[White "Alekseenko, Kirill"]
[Black "Nagy, Gabor"]
[WhiteFideId "4135539"]
[BlackFideId "737119"]
[WhiteElo "2683"]
[BlackElo "2514"]
[Result "0-1"]
[Round "06"]
[TimeControl "180+2"]
[Date "2023.05.02"]
[WhiteClock "0:00:14"]
[BlackClock "0:00:33"]

1. d4 Nf6 2. Nc3 d5 3. Bf4 a6 4. e3 c5 5. Nf3 cxd4 6. exd4 Nc6 7. Ne5 Bd7 8. Ne2 e6 9. Nc1 Nxe5 10. Bxe5 Rc8 11. c3 Be7 12. Be2 O-O 13. O-O Ne4 14. Nd3 Bf6 15. Re1 Bb5 16. Bxf6 Qxf6 17. Bf3 Bxd3 18. Qxd3 Nd6 19. Re2 Rc7 20. Rae1 Rfc8 21. g3 g6 22. h4 b5 23. h5 a5 24. Bg2 b4 25. hxg6 hxg6 26. Qa6 Rc6 27. Qxa5 bxc3 28. bxc3 Rxc3 29. Qa7 Nb5 30. Qb7 Nxd4 31. Rd2 Nf5 32. a4 R3c7 33. Qb6 Rc6 34. Qb7 Nd6 35. Qb4 Nc4 36. Rdd1 Kg7 37. a5 Ra8 38. Ra1 Rca6 39. Bf1 Rxa5 40. Rxa5 Nxa5 41. Qa4 Qc3 42. Ra1 d4 43. Ra3 Qc5 44. Ra2 Ra7 45. Rc2 Qd6 46. Bg2 e5 47. Qb5 Rc7 48. Ra2 Nc4 49. Ra8 Nb6 50. Rb8 Nd7 51. Rd8 Qe7 52. Ra8 Nf6 53. Qb8 Kh6 54. Qh8+ Nh7 55. Be4 f5 56. Bd5 d3 57. Kg2 d2 58. Ra1 Rd7 59. Rh1+ Kg5 60. f4+ exf4 61. gxf4+ Kxf4 62. Qd4+ Qe4+ 63. Bxe4 Rxd4 64. Bf3 Ng5 65. Bd1 Ke5 66. Kf2 Ne4+ 67. Ke3 f4+ 68. Kf3 g5 69. Rh8 Nc3 70. Re8+ Kf6 71. Rf8+ Kg7 72. Rd8 Rxd8 0-1


[Site "https://www.chess.com"]

[Event "Titled Tuesday Blitz May 2 Early 2023"]
[White "Henriquez Villagra, Cristobal"]
[Black "Klimkowski, Jan"]
[WhiteFideId "3409350"]
[BlackFideId "21856222"]
[WhiteElo "2542"]
[BlackElo "2331"]
[Result "1-0"]
[Round "06"]
[TimeControl "180+2"]
[Date "2023.05.02"]
[WhiteClock "0:00:45"]
[BlackClock "0:00:43"]

1. e4 c5 2. Nf3 d6 3. d4 cxd4 4. Nxd4 Nf6 5. Nc3 a6 6. Bd3 e5 7. Nde2 Be7 8. O-O O-O 9. f4 Nbd7 10. a4 Nc5 11. h3 Qc7 12. Ng3 Nxd3 13. cxd3 d5 14. f5 dxe4 15. Ncxe4 Rd8 16. Nxf6+ Bxf6 17. Ne4 Qb6+ 18. Kh2 Be7 19. a5 Qb5 20. f6 gxf6 21. Nxf6+ Bxf6 22. Rxf6 Qxd3 23. Qh5 Rd6 24. Qxf7+ 1-0


[Site "https://www.chess.com"]

[Event "Titled Tuesday Blitz May 2 Early 2023"]
[White "Zhao, Jun"]
[Black "Grigoriants, Sergey"]
[WhiteFideId "8602522"]
[BlackFideId "4130804"]
[WhiteElo "2547"]
[BlackElo "2502"]
[Result "1-0"]
[Round "06"]
[TimeControl "180+2"]
[Date "2023.05.02"]
[WhiteClock "0:00:18"]
[BlackClock "0:00:07"]

1. d4 Nf6 2. Bf4 c5 3. e3 Nd5 4. Bxb8 Rxb8 5. c3 Qb6 6. Qb3 Nf6 7. Qxb6 axb6 8. Na3 d5 9. Nf3 e6 10. Bb5+ Bd7 11. Ne5 Bd6 12. Nxd7 Nxd7 13. Nc2 Ke7 14. Bxd7 Kxd7 15. Kd2 f5 16. h4 Ra8 17. h5 g5 18. hxg6 hxg6 19. a3 Kc6 20. Rag1 Bh2 21. Rf1 Bd6 22. Ne1 Be7 23. Nd3 Bd6 24. Ne1 Be7 25. Rfg1 Bf6 26. g4 Rxh1 27. Rxh1 Rh8 28. Rg1 Rh2 29. Ke2 Bh4 30. Rg2 Rxg2 31. Nxg2 Bg5 32. f4 Be7 33. g5 Kb5 34. Nh4 Ka4 35. Nxg6 Bd6 36. Kd2 Kb3 37. Kc1 b5 38. Ne5 b4 39. axb4 cxb4 40. cxb4 Kxb4 41. Nd7 1-0


[Site "https://www.chess.com"]